 Dungeon Crawl Stone Soup version 0.18.1-6-gd335043 (webtiles) character file.

1146 m0ast the Ruffian (level 8, -2/67 HPs)
             Began as a Ghoul Skald on May 16, 2016.
             Was a Follower of Ru.
             Slain by an orc warrior
             ... wielding a +0 long sword
              (3 damage)
             ... on level 6 of the Dungeon on May 17, 2016.
             The game lasted 00:39:33 (5197 turns).

m0ast the Ruffian (Ghoul Skald)                     Turns: 5197, Time: 00:39:36

Health: -2/67      AC: 10    Str: 17    XL:     8   Next: 38%
Magic:  11/11      EV: 12    Int: 12    God:    Ru [*.....]
Gold:   298        SH:  0    Dex:  9    Spells: 3 memorised, 8 levels left

rFire  . . .     SeeInvis .       - Unarmed
rCold  + . .     Gourm    .     a - +0 leather armour
rNeg   + + +     Faith    .     (no shield)
rPois  ∞         Spirit   .     h - +0 helmet
rElec  .         Dismiss  .     A - +2 cloak
rCorr  .         Reflect  .     (no gloves)
SustAt .         Harm     .     n - +2 pair of boots
MR     .....                    (no amulet)
Stlth  +.........               (no ring)
                                (no ring)

@: brilliant, very slightly contaminated, rotting, slowed, very slow, not
resistant to hostile enchantments, very unstealthy
A: rotting body, claws 1, carnivore 3, cold resistance 1, negative energy
resistance 3, slow regeneration 1, torment resistance, unbreathing, hated by all
a: Renounce Religion


You were on level 6 of the Dungeon.
You worshipped Ru.
Ru was aware of your devotion.
You were not hungry.

You visited 1 branch of the dungeon, and saw 6 of its levels.

You collected 298 gold pieces.

Inventory:

Armour
 a - a +0 leather armour (worn)
 h - a +0 helmet (worn)
 n - a +2 pair of boots (worn)
 r - a +0 cloak
 y - a +0 leather armour
 A - a +2 cloak (worn)
Jewellery
 C - an uncursed ring of flight {unknown}
Wands
 x - a wand of polymorph (18/24)
Scrolls
 d - 2 scrolls of recharging {unknown}
 e - 3 scrolls of identify {unknown}
 j - a scroll of magic mapping {unknown}
 l - 4 scrolls of enchant weapon {unknown}
 o - 3 scrolls of remove curse {unknown}
 q - 4 scrolls of teleportation {unknown}
 t - a scroll of noise {unknown}
 u - 2 scrolls of immolation {unknown}
 B - a scroll of holy word {unknown}
Potions
 f - 2 potions of haste {unknown}
 g - 2 potions of might
 i - 2 potions of ambrosia {unknown}
 k - a potion of berserk rage {unknown}
 m - a potion of flight {unknown}
 v - a potion of curing
Books
 b - a book of Battle

   Spells                             Type                      Level
   a - Infusion                       Charms                       1
   b - Shroud of Golubria             Charms/Translocation         2
   c - Song of Slaying                Charms                       2
   d - Spectral Weapon                Hexes/Charms                 3
   e - Regeneration                   Charms/Necromancy            3
Comestibles
 c - 2 meat rations
 p - 2 bread rations
 s - a beef jerky


   Skills:
 + Level 4.3 Fighting
 + Level 3.1 Armour
 * Level 4.2 Dodging
 + Level 1.6 Stealth
 * Level 5.6 Unarmed Combat
 + Level 3.2 Spellcasting
 + Level 3.8 Charms


You had 8 spell levels left.
You knew the following spells:

 Your Spells              Type           Power        Failure   Level  Hunger
a - Infusion              Chrm           ###.         1%          1    #......
b - Song of Slaying       Chrm           ###.....     1%          2    ###....
c - Shroud of Golubria    Chrm/Tloc      ##........   2%          2    ###....


Dungeon Overview and Level Annotations

Branches:
Dungeon (6/15)
 Temple: D:4-7

Altars:
Dithmenos
Gozag
Qazlal
Ru
The Shining One

Shops:
D:5 (


Innate Abilities, Weirdness & Mutations

Your body is rotting away.
You thrive on raw meat.
You are immune to poison.
You have sharp fingernails.
You are carnivorous and can eat meat at any time.
Your flesh is cold resistant.
You are immune to negative energy.
You regenerate slowly when monsters are visible.
You are immune to unholy pain and torment.
You can survive without breathing.
You are hated by all.


Message History

The orc warrior is no longer moving slowly.
The orc wizard casts a spell at you. You resist with some effort.
The orc wizard begins to cast a spell, but is stunned by your will!
You redirect the orc priest's attack!
You redirect the orc wizard's attack!
You scratch the orc wizard but do no damage.
You scratch the orc warrior but do no damage.
The orc warrior is almost dead.
The orc wizard barely misses you.
The orc warrior hits you with a long sword!
* * * LOW HITPOINT WARNING * * *
It was a potion of brilliance.
You feel clever all of a sudden.
The orc wizard is no longer moving quickly.
The orc wizard barely misses you.
You redirect the orc wizard's attack!
The orc wizard hits the orc but does no damage.
The orc warrior hits you with a long sword.
You die...

....###
####..##
...##
##.....#
...#
#...o..#
#..#
##.....#
#..#
#..#..#
##o.#
##.#.$#
#...#
##oo##
....o.
#oo#
.....o.
#@##
......o...
#..#
..........
#..#
.......l..
#.## ..
#.# .. #..


You could see an orc warrior, an orc priest, an orc wizard and an orc.

Vanquished Creatures
  Grinder (D:6)
  Sigmund (D:5)
  Menkaure (D:6)
  A phantom (D:5)
  A centaur (D:6)
  A giant frog (D:6)
  3 wights (D:6)
  2 crimson imps (D:5)
  2 giant frog skeletons (D:5)
  2 orc priests (D:5)
  An orc wizard (D:3)
  A hound skeleton (D:4)
  2 adders
  A shadow imp (D:5)
  An adder skeleton (D:5)
  3 worms
  3 dart slugs
  2 giant geckos
  7 orcs
  6 ball pythons
  8 bats
  5 giant cockroaches
  5 hobgoblins
  9 jackals (D:2)
  2 quokkas
  5 giant newts
  5 goblins
  4 kobolds
  A quokka skeleton (D:5)
  7 rats
93 creatures vanquished.

Notes
Turn   | Place    | Note
--------------------------------------------------------------
     0 | D:1      | m0ast the Ghoul Skald began the quest for the Orb.
     0 | D:1      | Reached XP level 1. HP: 17/17 MP: 2/2
    36 | D:1      | Reached skill level 1 in Dodging
   146 | D:1      | Reached XP level 2. HP: 16/24 MP: 0/4
   159 | D:1      | Reached skill level 1 in Armour
   302 | D:1      | Learned a level 2 spell: Song of Slaying
  1011 | D:2      | Reached XP level 3. HP: 27/29 MP: 0/5
  1494 | D:2      | Found a stormy altar of Qazlal.
  1548 | D:2      | Reached XP level 4. HP: 35/37 MP: 0/6
  2110 | D:3      | Reached skill level 3 in Unarmed Combat
  2333 | D:3      | Found a sacrificial altar of Ru.
  2350 | D:3      | Became a worshipper of Ru the Awakened
  2730 | D:3      | Reached XP level 5. HP: 41/44 MP: 0/7
  2805 | D:3      | Learned a level 2 spell: Shroud of Golubria
  3475 | D:5      | Entered Level 5 of the Dungeon
  3475 | D:5      | Found a shadowy altar of Dithmenos.
  3581 | D:5      | Reached XP level 6. HP: 28/51 MP: 1/8
  3608 | D:5      | Gained mutation: You are hated by all. [Ru sacrifice]
  3608 | D:5      | Reached * piety under Ru
  3773 | D:5      | Reached skill level 4 in Unarmed Combat
  3800 | D:5      | Found Qyuwe's Weapon Shop.
  3844 | D:5      | Noticed a phantom
  3858 | D:5      | Killed a phantom
  3891 | D:5      | Reached XP level 7. HP: 47/56 MP: 0/10
  3980 | D:5      | Noticed Sigmund
  3993 | D:5      | Killed Sigmund
  4058 | D:5      | Found an opulent altar of Gozag.
  4478 | D:6      | Noticed Grinder
  4490 | D:6      | Paralysed by Grinder for 3 turns
  4808 | D:6      | Paralysed by Grinder for 2 turns
  4844 | D:6      | Killed Grinder
  4844 | D:6      | Reached skill level 5 in Unarmed Combat
  4844 | D:6      | Reached XP level 8. HP: 50/65 MP: 3/11
  4950 | D:6      | Noticed Menkaure
  4967 | D:6      | Killed Menkaure
  4967 | D:6      | Reached skill level 1 in Stealth
  5038 | D:6      | Found a glowing golden altar of the Shining One.
  5196 | D:6      | HP: 1/67 [orc warrior/long sword (8)]
  5197 | D:6      | Slain by an orc warrior

Skill      XL: |  1  2  3  4  5  6  7  8 |
---------------+-------------------------+-----
Dodging        | 1 2 3 4 |  4.2
Spellcasting   | 2 3 |  3.2
Armour         | 1 2 3 |  3.1
Unarmed Combat | 3 4 5 |  5.6
Charms         | 3 |  3.8
Fighting       | 3 4 |  4.3
Stealth        | 1 |  1.6

Action                   |  1- 3 |  4- 6 |  7- 9 || total
-------------------------+-------+-------+-------++-------
Melee: Unarmed           |   140 |   218 |    95 ||   453
       Punch             |     1 |       |     1 ||     2
 Cast: Infusion          |     9 |    16 |     9 ||    34
       Song of Slaying   |     2 |     2 |     2 ||     6
Invok: Sacrifice Love    |       |     1 |       ||     1
Evoke: Wand              |       |       |     1 ||     1
  Use: Potion            |       |     1 |     4 ||     5
  Eat: Chunk             |     7 |    13 |     4 ||    24
       Meat ration       |     1 |       |       ||     1
Armor: Leather armour    |    74 |    78 |    23 ||   175
Dodge: Dodged            |   100 |   105 |    50 ||   255
